 Dungeon Crawl Stone Soup version 0.28.0 (webtiles) character file.

Game seed: 2073023492882639120

29535 GraveyardiganJr the Destroyer (level 13, -7/122 HPs)
             Began as a Purple Draconian Conjurer on Feb 16, 2022.
             Was a High Priest of Ashenzari.
             Mangled by a sun demon (8 damage)
             ... in a volcano on Feb 19, 2022.
             The game lasted 03:54:51 (18157 turns).

GraveyardiganJr the Destroyer (DrCj)               Turns: 18157, Time: 03:54:53

Health: -7/122     AC: 12    Str: 10    XL:     13   Next: 15%
Magic:  28/39      EV: 14    Int: 22    God:    Ashenzari [*****.]
Gold:   787        SH:  7    Dex: 13    Spells: 25/39 levels left

rFire   + . .      SeeInvis +   a - +2 spear "Profound Loss" {vorpal, +Blink Fly MP+9 Int+2, Fort, Melee} (curse)
rCold   . . .      Faith    .   A - +2 buckler "Share My Doubts" {Elem, Bglg} (curse)
rNeg    . . .      Spirit   .   (armour unavailable)
rPois   +          Reflect  .   k - +1 hat "Clairvoyant Affliction" {Bglg, Comp} (curse)
rElec   .          Harm     .   j - scarf of Desmomancy {+Inv, Elem, Self} (curse)
rCorr   .          Rampage  .   (no gloves)
Will    +....      Clarity  +   S - +2 pair of boots of Supernal Knowledge {Stlth+, Bglg, Self} (curse)
Stlth   +++.......              t - amulet of the Fated Doubts {RegenMP, Bglg, Evo} (curse)
HPRegen 0.30/turn               v - ring of Ashenzari's Shame {rPois, Self, Evo} (curse)
MPRegen 0.66/turn               E - ring of protection from fire

@: flying
A: breathe power, AC +8, unfitting armour, cold-blooded
a: Breathe Dispelling Energy, Renounce Religion, Evoke Blink, Evoke
Invisibility, Shatter the Chains


You were in a volcano.
You worshipped Ashenzari.
Ashenzari was extremely pleased with you.
You visited 3 branches of the dungeon, and saw 17 of its levels.
You also visited: Volcano.

You collected 944 gold pieces.
You spent 157 gold pieces at shops.

Inventory:

Hand Weapons
 a - the cursed +2 spear "Profound Loss" (weapon) {vorpal, +Blink Fly MP+9 Int+2, Fort, Melee}
   (You found it on level 2 of the Dungeon)

   It inflicts extra damage upon your enemies.
   Int:       It affects your intelligence (+2).
   MP:        It affects your magic capacity (+9).
   Fly:       It grants you flight.
   +Blink:    It lets you blink.
   It has a curse which improves the following skills: Fortitude: Shields.
   Melee Combat: Short Blades, Long Blades, Axes, Maces & Flails, Polearms,
   Staves and Unarmed Combat.
Missiles
 d - 199 stones
 q - 27 poisoned darts
 H - 2 curare-tipped darts
Armour
 j - the cursed scarf of Desmomancy (worn) {+Inv, Elem, Self}
   (You found it on level 1 of the Dungeon)

   It has a curse which improves the following skills: Elements: Fire Magic, Ice
   Magic, Air Magic and Earth Magic.
   Introspection: Fighting and Spellcasting.
 k - the cursed +1 hat "Clairvoyant Affliction" (worn) {Bglg, Comp}
   (You found it on level 1 of the Lair of Beasts)

   It has a curse which improves the following skills: Beguiling: Conjurations,
   Hexes and Translocations.
   Companions: Summonings and Necromancy.
 A - the cursed +2 buckler "Share My Doubts" (worn) {Elem, Bglg}
   (You found it on level 5 of the Dungeon)

   It has a curse which improves the following skills: Elements: Fire Magic, Ice
   Magic, Air Magic and Earth Magic.
   Beguiling: Conjurations, Hexes and Translocations.
 S - the cursed +2 pair of boots of Supernal Knowledge (worn) {Stlth+, Bglg, Self}
   (You bought it in a shop on level 11 of the Dungeon)

   It has a curse which improves the following skills: Beguiling: Conjurations,
   Hexes and Translocations.
   Introspection: Fighting and Spellcasting.
Jewellery
 t - the cursed amulet of the Fated Doubts (around neck) {RegenMP, Bglg, Evo}
   (You found it on level 7 of the Dungeon)

   [amulet of magic regeneration]

   It increases your rate of magic regeneration.
   It has a curse which improves the following skills: Beguiling: Conjurations,
   Hexes and Translocations.
   Evocations: Evocations.
 v - the cursed ring of Ashenzari's Shame (left hand) {rPois, Self, Evo}
   (You found it on level 4 of the Dungeon)

   [ring of poison resistance]

   rPois:     It protects you from poison.
   It has a curse which improves the following skills: Introspection: Fighting
   and Spellcasting.
   Evocations: Evocations.
 E - a ring of protection from fire (right hand)
 I - a +4 ring of protection
Wands
 b - a wand of acid (5)
 p - a wand of iceblast (5)
 C - a wand of polymorph (1)
 L - a wand of paralysis (5)
 N - a wand of flame (4)
Scrolls
 c - a scroll of enchant armour
 f - a scroll of holy word
 h - 6 scrolls of teleportation
 l - a scroll of magic mapping
 s - 4 scrolls of immolation
 w - a scroll of enchant weapon
 D - 3 scrolls of summoning
 F - a scroll of amnesia
 J - 2 scrolls of blinking
 M - a scroll of fog
 P - 2 scrolls of fear
 Q - a scroll of silence
Potions
 e - 6 potions of curing
 g - a potion of cancellation
 i - a potion of resistance
 m - 3 potions of haste
 n - 2 potions of mutation
 o - 3 potions of might
 r - 2 potions of heal wounds
 u - a potion of lignification
 z - 2 potions of ambrosia
 G - 2 potions of brilliance


   Skills:
 * Level 8.9(13.4) Fighting
 + Level 1.1(2.5) Maces & Flails
 + Level 5.1(7.3) Polearms
 + Level 6.5 Dodging
 - Level 3.0 Stealth
 + Level 4.3(6.5) Shields
 + Level 9.1(13.6) Spellcasting
 + Level 11.7(17.2) Conjurations
 + Level 7.0(12.4) Hexes
 * Level 2.5(4.4) Summonings
 + Level 4.4(9.3) Translocations
 * Level 10.5(14.0) Evocations


You had 25 spell levels left.
You knew the following spells:

 Your Spells              Type           Power      Damage    Failure   Level
d - Magic Dart            Conj           100%       1d8       0%          1
i - Iskenderun's Mystic   Conj/Tloc      65%        2d13      1%          4
p - Fulminant Prism       Conj/Hex       34%        3d16      1%          4
r - Searing Ray           Conj           100%       2d8       0%          2
z - Dazzling Flash        Conj/Hex       100%       N/A       1%          3

Your spell library contained the following spells:

 Spells                   Type           Power      Damage    Failure   Level
 Static Discharge         Conj/Air       52%        N/A       1%          2
 Portal Projectile        Hex/Tloc       100%       N/A       1%          3
 Sticky Flame             Conj/Fire      52%        2d7       1%          4
 Summon Mana Viper        Hex/Summ       51%        N/A       4%          5
 Ozocubu's Armour         Ice            17%        N/A       13%         3
 Summon Ice Beast         Ice/Summ       25%        N/A       19%         4
 Dispel Undead            Necr           16%        3d10      43%         4
 Excruciating Wounds      Necr           8%         N/A       78%         5
 Blade Hands              Tmut           7%         N/A       83%         5
 Monstrous Menagerie      Summ           17%        N/A       100%        7
 Ozocubu's Refrigeration  Ice            8%         4d6       100%        7


Dungeon Overview and Level Annotations

Branches:
Dungeon (12/15)            Temple (1/1) D:6            Lair (4/6) D:11
 Shoals (0/4) Lair:3        Snake (0/4) Lair:2          Orc (0/2) D:12
Volcano (1/1)

Altars:
Ashenzari
Cheibriados
Dithmenos
Elyvilon
Fedhas
Gozag
Hepliaklqana
Kikubaaqudgha
Makhleb
Nemelex Xobeh
Okawaru
Qazlal
Ru
Sif Muna
Trog
Uskayaw
Vehumet
Wu Jian
Xom
Yredelemnul
Zin
The Shining One
Beogh

Shops:
D:11 [

Annotations:
D:3 1 runed translucent door, Crazy Yiuf, Sigmund
D:8 exclusion: door
D:11 exclusion: two-headed ogre
D:12 exclusion: ugly thing
Lair:2 exclusion: water moccasin, Fannar


Innate Abilities, Weirdness & Mutations

You can breathe bolts of dispelling energy.
Your rich purple scales are hard. (AC +8)
You cannot fit into any form of body armour.
You are cold-blooded and may be slowed by cold attacks.


Message History

The red ugly thing is almost dead.
The searing ray hits the cyan ugly thing.
The cyan ugly thing is heavily wounded. (Press . to maintain the ray.)
The sun demon barely misses you. The sun demon misses you.
Unknown command.
The searing ray hits the sun demon.
The sun demon is almost dead.
The searing ray hits the red ugly thing!
You kill the red ugly thing!
The searing ray hits the cyan ugly thing!
The cyan ugly thing is severely wounded.
The searing ray hits the lava snake!
The lava snake is severely wounded.
The sun demon hits you!
You are engulfed in flames.
You resist.
Restarting spell: Searing Ray (safe; 0% risk of failure)
Press: ? - help, Q - select action, (/) - cycle Shift-Dir - straight line, f - lava snake, p - cyan ugly thing
Aim: a lava snake (black smoke, lava, severely wounded, 68% to hit)
The searing ray misses the sun demon.
The searing ray hits the cyan ugly thing!
The cyan ugly thing is severely wounded.
The searing ray hits the lava snake!
You kill the lava snake! (Press . to maintain the ray.)
The sun demon hits you!!
You are engulfed in flames!
You resist.
The searing ray hits the sun demon.
The sun demon is almost dead.
The searing ray hits the cyan ugly thing!
The cyan ugly thing is almost dead.
The sun demon hits you!
* * * LOW HITPOINT WARNING * * *
You are engulfed in flames!
You resist.
* * * LOW HITPOINT WARNING * * *
The searing ray misses the sun demon.
The searing ray hits the cyan ugly thing.
The cyan ugly thing is almost dead.
The sun demon hits you!!
* * * LOW HITPOINT WARNING * * *
You are engulfed in flames!
You resist.
You die...

* ,≈, ,* ,.≈§≈≈≈≈≈
.≈.≈§≈* ....≈≈≈b≈≈§ ≈
≈.≈. *,....≈≈§≈≈≈
≈.§,≈***,....§§§§§ ≈
§)≈.≈.#####...§§§≈§
.##.########...§≈§≈§
*_.#8u8######8...§§≈≈≈
#o.##3###..........≈≈§
######@##.####8......≈≈
##8###.#.#######.......
####8.#.##.#######......
####.#.###.##########..#
####.###8##.### ########
###.####≈##.### #######
###.#...##.####
####.###..#####
###############


You could see a cyan ugly thing and a sun demon (corroded).

Vanquished Creatures
  2 hydras
  2 death yaks (D:10)
  5 two-headed ogres
  Pikel (D:8)
  3 ugly things
  An orc sorcerer (Volcano)
  2 black mambas
  Maggie (D:9)
  6 cane toads
  2 komodo dragons
  The ghost of Bricks the Cudgeller, an amateur TrGl (D:5)
  2 trolls
  Prince Ribbit (D:5)
  A polar bear (Lair:3)
  3 slime creatures (D:11)
  A snapping turtle (Lair:3)
  4 dream sheep (Lair:3)
  12 blink frogs
  A shadow (D:11)
  22 yaks
  4 wraiths
  4 wyverns
  A basilisk (Lair:3)
  2 steam dragons (D:8)
  9 fire bats (Volcano)
  Edmund (D:6)
  A warg (D:12)
  9 water moccasins
  An acid dragon (D:12)
  2 hell hounds (Lair:4)
  2 black bears
  9 orc warriors
  An ice beast (D:5)
  A swamp drake (D:11)
  3 sky beasts
  An ogre (D:9)
  12 centaurs
  5 wolves (Lair:1)
  Blork the orc (D:5)
  A kobold brigand (D:10)
  2 lemures
  10 bullfrogs
  A scorpion (D:5)
  A gnoll sergeant (D:11)
  17 killer bees
  7 wights (D:9)
  2 howler monkeys
  An electric eel (Lair:3)
  2 centaur zombies
  8 lava snakes
  A bullfrog zombie (D:6)
  8 orc priests
  3 centaur skeletons
  4 hounds
  2 bullfrog skeletons (D:5)
  Terence (D:3)
  An iguana (D:5)
  8 orc wizards
  A hell rat (D:11)
  2 howler monkey zombies
  8 gnolls
  A river rat (D:11)
  6 adders
  2 worms
  A dart slug (D:2)
  64 orcs
  4 endoplasms
  2 giant cockroaches (D:3)
  5 goblins
  12 hobgoblins
  15 jackals
  4 quokkas
  7 ball pythons
  4 bats
  3 frilled lizards (D:1)
  18 kobolds
  6 rats
  A butterfly (Lair:3)
388 creatures vanquished.

Vanquished Creatures (others)
  20 fulminant prisms
  18 fungi
  24 plants
62 creatures vanquished.

Grand Total: 450 creatures vanquished

Notes
Turn   | Place    | Note
-------+----------+-------------------------------------------
     0 | D:1      | GraveyardiganJr the Draconian Conjurer began the quest for
                  | the Orb.
     0 | D:1      | Reached XP level 1. HP: 14/14 MP: 3/3
    51 | D:1      | Found a faded altar of an unknown god.
   231 | D:1      | Reached XP level 2. HP: 18/20 MP: 1/5
   234 | D:1      | Learned a level 2 spell: Searing Ray
   739 | D:1      | Reached XP level 3. HP: 26/26 MP: 6/6
  1403 | D:2      | Identified the +2 spear "Zauddi Cutz" {vorpal, +Blink Fly
                  | MP+9 Int+2}
  1482 | D:2      | Learned a level 3 spell: Dazzling Flash
  1834 | D:3      | Reached XP level 4. HP: 33/33 MP: 7/7
  1855 | D:3      | Reached skill level 1 in Evocations
  1897 | D:3      | Identified the +3 mace of the Endless Expanse {venom, MP+9
                  | Str+6}
  2001 | D:3      | Found a blossoming altar of Fedhas.
  2004 | D:3      | Found a shimmering altar of Xom.
  2130 | D:3      | Noticed Sigmund
  2258 | D:3      | Noticed Terence
  2278 | D:3      | Killed Terence
  2279 | D:3      | Reached skill level 5 in Conjurations
  2422 | D:3      | Found a broken altar of Ashenzari.
  2427 | D:3      | Saw a vision of the Shoals and the Snake Pit.
  2427 | D:3      | Noticed a naga
  2427 | D:3      | Noticed a black mamba
  2427 | D:3      | Noticed a mana viper
  2427 | D:3      | Noticed a black mamba
  2427 | D:3      | Noticed a black mamba
  2427 | D:3      | Noticed a naga warrior
  2427 | D:3      | Noticed a naga warrior
  2427 | D:3      | Noticed a naga
  2427 | D:3      | Noticed a merfolk
  2427 | D:3      | Noticed a merfolk
  2427 | D:3      | Noticed a merfolk
  2427 | D:3      | Noticed a sea snake
  2427 | D:3      | Noticed a sea snake
  2439 | D:3      | Became a worshipper of Ashenzari the Shackled
  2528 | D:3      | Found a runed translucent door.
  2529 | D:3      | Noticed Crazy Yiuf
  3020 | D:4      | Noticed a necrophage
  3288 | D:4      | Reached XP level 5. HP: 39/39 MP: 8/8
  3389 | D:4      | Reached skill level 1 in Fighting
  3579 | D:4      | You are sucked into a shaft and drop 1 floor!
  3579 | D:5      | Entered Level 5 of the Dungeon
  3632 | D:4      | Found a glowing golden altar of the Shining One.
  3632 | D:4      | Found a glowing silver altar of Zin.
  3632 | D:4      | Found an ornate altar of the Wu Jian Council.
  3632 | D:4      | Found a hide-covered altar of Uskayaw.
  3764 | D:5      | Noticed Prince Ribbit
  3807 | D:5      | Found a runed translucent gate.
  3807 | D:5      | Found a runed translucent gate.
  3807 | D:5      | Found a runed translucent gate.
  3810 | D:5      | Noticed Bricks's ghost (amateur TrGl)
  3813 | D:5      | Identified the +6 dagger of Devotion {flame, Fragile rC+++
                  | Will- Str+3}
  3813 | D:5      | Identified the +1 ring mail of Compression {Contam Str+3
                  | SInv Stlth+}
  4207 | D:5      | Noticed Blork the orc
  4227 | D:5      | Killed Blork the orc
  4228 | D:5      | Reached skill level 1 in Polearms
  4228 | D:5      | Reached XP level 6. HP: 7/48 MP: 3/10
  4517 | D:5      | Reached skill level 1 in Hexes
  4652 | D:5      | Noticed an ice beast
  5135 | D:6      | Noticed a sky beast
  5501 | D:6      | Your scales start taking on a rich purple colour.
  5501 | D:6      | Reached XP level 7. HP: 42/56 MP: 12/13
  5705 | D:6      | Found a hazy altar of Hepliaklqana.
  5784 | D:6      | Reached skill level 6 in Conjurations
  5919 | D:6      | Reached * piety under Ashenzari
  5923 | D:6      | Found a staircase to the Ecumenical Temple.
  6006 | D:6      | Noticed Edmund
  6019 | D:6      | Killed Edmund
  6020 | D:6      | Reached XP level 8. HP: 66/66 MP: 14/16
  6156 | Temple   | Entered the Ecumenical Temple
  7082 | D:7      | Learned a level 4 spell: Fulminant Prism
  7393 | D:7      | Found a burning altar of Makhleb.
  7424 | D:7      | Reached skill level 7 in Conjurations
  7693 | D:7      | Reached skill level 1 in Shields
  7856 | D:8      | Found a stormy altar of Qazlal.
  7861 | D:8      | Noticed an air elemental
  8039 | D:8      | Reached XP level 9. HP: 74/74 MP: 18/18
  8411 | D:9      | Noticed a two-headed ogre
  8419 | D:9      | Killed a two-headed ogre
  8420 | D:9      | Reached skill level 1 in Maces & Flails
  8420 | D:9      | Reached skill level 5 in Spellcasting
  8420 | D:9      | Reached skill level 5 in Evocations
  8643 | D:8      | Noticed Pikel
  8749 | D:8      | Noticed a troll
  8757 | D:8      | Killed a troll
  8758 | D:8      | Reached skill level 5 in Hexes
  8765 | D:8      | Reached ** piety under Ashenzari
  8982 | D:8      | Reached skill level 5 in Fighting
  9349 | D:8      | Killed Pikel
  9350 | D:8      | Reached XP level 10. HP: 86/86 MP: 20/20
  9372 | D:8      | Reached skill level 5 in Dodging
  9591 | D:8      | Reached skill level 8 in Conjurations
  9735 | D:9      | Noticed Maggie
  9773 | D:9      | Killed Maggie
  9913 | D:9      | Reached *** piety under Ashenzari
 10171 | D:10     | Entered Level 10 of the Dungeon
 10217 | D:10     | Noticed a two-headed ogre
 10226 | D:10     | Killed a two-headed ogre
 10799 | D:11     | Reached skill level 9 in Conjurations
 10935 | D:11     | Noticed a white ugly thing
 10959 | D:11     | Killed a red ugly thing
 11005 | D:11     | Found Lemiapt's Antique Armour Shoppe.
 11016 | D:11     | Bought a pair of glowing boots for 157 gold pieces
 11018 | D:11     | Reached XP level 11. HP: 95/95 MP: 23/23
 11624 | D:5      | Killed Prince Ribbit
 12065 | D:5      | Killed Bricks's ghost
 12379 | D:11     | Noticed a death yak
 12721 | D:11     | Noticed a two-headed ogre
 12849 | D:11     | Noticed a death yak
 12878 | D:11     | Noticed a death yak
 12914 | D:10     | Killed a death yak
 13180 | D:11     | Found a staircase to the Lair.
 13191 | D:11     | Noticed a two-headed ogre
 13253 | D:10     | Killed a death yak
 13406 | D:11     | Killed a two-headed ogre
 13407 | D:11     | Reached skill level 1 in Translocations
 13412 | D:11     | Learned a level 4 spell: Iskenderun's Mystic Blast
 13634 | D:12     | Noticed a red ugly thing
 13776 | D:12     | Noticed a two-headed ogre
 13794 | D:11     | Killed a two-headed ogre
 14038 | D:12     | Noticed a seven-headed hydra
 14181 | D:11     | Killed a seven-headed hydra
 14305 | D:12     | Found a staircase to the Orcish Mines.
 14326 | D:12     | Noticed a two-headed ogre
 14336 | D:12     | Noticed a two-headed ogre
 14664 | D:12     | Killed a two-headed ogre
 14665 | D:12     | Reached skill level 10 in Conjurations
 14734 | D:12     | Noticed Urug
 14948 | Lair:1   | Entered Level 1 of the Lair of Beasts
 15029 | Lair:1   | Reached XP level 12. HP: 96/108 MP: 16/26
 15990 | Lair:2   | Noticed Fannar
 16154 | Lair:2   | Identified the cursed scarf of Desmomancy {+Inv, Elem,
                  | Self} (You found it on level 1 of the Dungeon)
 16154 | Lair:2   | Identified the cursed +2 pair of boots of Supernal
                  | Knowledge {Stlth+, Bglg, Self} (You bought it in a shop on
                  | level 11 of the Dungeon)
 16208 | Lair:2   | Noticed a five-headed hydra
 16221 | Lair:2   | Killed a five-headed hydra
 16260 | Lair:2   | Reached skill level 11 in Conjurations
 16301 | Lair:2   | Reached skill level 10 in Evocations
 16391 | Lair:2   | Reached skill level 5 in Polearms
 16584 | Lair:2   | Found a staircase to the Snake Pit.
 16672 | Lair:2   | Reached **** piety under Ashenzari
 17166 | Lair:3   | Reached skill level 1 in Summonings
 17427 | Lair:3   | Reached ***** piety under Ashenzari
 17690 | Lair:3   | Found a staircase to the Shoals.
 17931 | Lair:4   | Found a dark tunnel.
 17942 | Lair:4   | Reached XP level 13. HP: 116/122 MP: 30/30
 18028 | Volcano  | Entered a volcano
 18157 | Volcano  | HP: 1/122 [sun demon (23)]
 18157 | Volcano  | Mangled by a sun demon

Illustrated notes

Levels and vault maps discovered:
D:1:      minmay_arrival_semitransparent, layout_loops_ring,
          shapermc_ecumenical_altar_mp_highgroup
D:2:      layout_rooms, small_statue_intersection
D:3:      layout_loops_ring, grunt_ashenzari_visionary
          [grunt_ashenzari_visionary_shoals, grunt_ashenzari_visionary_snake],
          mainiacjoe_overflow_catwalk_spiral, kennysheep_decorative_pillar,
          uniq_terence, uniq_crazy_yiuf_cottage, uniq_sigmund
D:4:      layout_loops_ring, nicolae_overflow_hidden_temple,
          amcnicky_mini_corridor_feature, sigmund_army
D:5:      layout_basic, serial_rivers, chequers_serial_rivers_small_b,
          chequers_serial_rivers_large_a, chequers_serial_rivers_small_a,
          chequers_serial_rivers_marsh, biasface_ghost_orc_armoury,
          minmay_strange_pillars, uniq_prince_ribbit1, uniq_blork_the_orc
D:6:      layout_gridville, lemuel_doored_altar, temple_fountains, uniq_edmund
D:7:      layout_gridville, makhleb_blood_cavern_becter
D:8:      minmay_razor_zed, layout_loops_corners,
          nicolae_qazlal_style_of_elements, minmay_misc_feat_ornament,
          uniq_pikel
D:9:      layout_roguey, special_room [special_room_orc], uniq_maggie
D:10:     layout_roguey, special_room [special_room_orc]
D:11:     layout_loops_ring, dpeg_lair_monsters, serial_shops, shop
D:12:     layout_basic, david_orc_3, st_stairs_8, uniq_urug
Temple:   hc_temple_tempest_star
Lair:1:   layout_gridlike, nicolae_lair_lil_pond, beast_lair_carwin_4,
          lemuel_fruit_tree
Lair:2:   layout_loops_ring, dummy_snake_entry, uniq_fannar
Lair:3:   layout_roguey, minmay_shoals_entry_hut, minivault_24,
          lemuel_fruit_fields, grunt_megastairs_3
Lair:4:   layout_small_grid, enter_volcano_3
Volcano:  volcano_grotto [vgs_hot_hot_hot]

Skill      XL: |  1  2  3  4  5  6  7  8  9 10 11 12 13 |
---------------+----------------------------------------+-----
Stealth        | 2 3 |  3.0
Dodging        | 2 3 4 5 6 |  6.5
Evocations     | 1 2 3 4 6 7 9 10 | 10.5
Conjurations   | 5 6 7 9 10 11 | 11.7
Fighting       | 1 2 3 4 5 6 7 8 |  8.9
Polearms       | 1 2 4 5 |  5.1
Hexes          | 1 3 4 5 6 7 |  7.0
Spellcasting   | 3 4 5 6 7 8 9 |  9.1
Shields        | 1 2 3 4 |  4.3
Maces & Flails | 1 |  1.1
Translocations | 2 4 |  4.4
Summonings     | 2 |  2.5

Action                   |  1- 3 |  4- 6 |  7- 9 | 10-12 | 13-15 || total
-------------------------+-------+-------+-------+-------+-------++-------
Melee: Spear             |    84 |    52 |    77 |   116 |     9 ||   338
       Dagger            |     2 |       |       |       |       ||     2
       Tailslap          |     7 |     8 |     6 |    10 |     2 ||    33
       Punch             |     3 |       |       |       |       ||     3
       Mace              |       |     1 |    12 |       |       ||    13
Throw: Stone             |     4 |       |     2 |     2 |       ||     8
       Dart              |       |     2 |    12 |    25 |       ||    39
 Cast: Magic Dart        |    29 |    19 |     9 |    73 |     1 ||   131
       Searing Ray       |     3 |    23 |    43 |   139 |    11 ||   219
       Dazzling Flash    |       |     1 |     4 |     6 |       ||    11
       Fulminant Prism   |       |       |     3 |    17 |       ||    20
       Iskenderun's Myst |       |       |       |    80 |     7 ||    87
Invok: Curse Item        |       |     1 |     2 |     5 |       ||     8
       Shatter the Chain |       |       |       |     1 |       ||     1
 Abil: Evoke Blink       |       |       |     5 |    44 |       ||    49
       Breathe Dispellin |       |       |    11 |    62 |     1 ||    74
       Evoke Invisibilit |       |       |       |     1 |       ||     1
Evoke: Wand              |       |     1 |     3 |    14 |     1 ||    19
  Use: Scroll            |     1 |     2 |     2 |     7 |       ||    12
       Potion            |       |       |       |     2 |       ||     2
 Stab: Sleeping          |    11 |     2 |     2 |     6 |       ||    21
       Invisible         |       |       |     1 |     1 |       ||     2
       Paralysed         |       |       |       |    11 |       ||    11
Armor: Skin              |    17 |     8 |    36 |    85 |    11 ||   157
Dodge: Dodged            |    37 |    43 |   120 |   176 |    20 ||   396
Block: Buckler           |       |       |    37 |   108 |    13 ||   158
